 Dungeon Crawl Stone Soup version 0.30-a0-743-gbfdf073431 (webtiles) character file.

Game seed: 15206940121447417335

137 avis the Shooter (level 4, -1/38 HPs)
             Began as a Demigod Hunter on Feb 7, 2023.
             Slain by Grinder (6 damage)
             ... on level 3 of the Dungeon.
             The game lasted 00:08:39 (1818 turns).

avis the Shooter (Demigod Hunter)                   Turns: 1818, Time: 00:08:40

Health: -1/38      AC:  4    Str: 12    XL:     4   Next: 68%
Magic:  6/6        EV: 12    Int: 11    God:
Gold:   109        SH:  0    Dex: 21    Spells: 3/3 levels left

rFire   + . .      SeeInvis +    a - +0 shortbow
rCold   x . .      Faith    .    (shield currently unavailable)
rNeg    . . .      Spirit   .    c - +0 leather armour
rPois   .          Reflect  .    s - +0 helmet
rElec   .          Harm     .    (no cloak)
rCorr   .          Rampage  .    (no gloves)
Will    .....                    (no boots)
Stlth   ++                       x - amulet of regeneration
HPRegen 1.06/turn                (no ring)
MPRegen 0.10/turn                (no ring)

@: no status effects
A: high MP 1, forlorn, divine attributes, see invisible, fire resistance 1, cold
vulnerability 1
a: no special abilities


You were on level 3 of the Dungeon.
You visited 1 branch of the dungeon, and saw 3 of its levels.

You collected 109 gold pieces.

Inventory:

Hand Weapons
 a - a +0 shortbow (weapon)
 h - a +0 dagger
 n - a +0 short sword of distortion
 o - a +0 rapier
Missiles
 k - 15 boomerangs
 t - 2 poisoned darts
Armour
 c - a +0 leather armour (worn)
 s - a +0 helmet (worn)
Jewellery
 x - an amulet of regeneration (around neck)
Scrolls
 b - a scroll of immolation
 d - 2 scrolls of blinking {unknown}
 f - 3 scrolls of identify {unknown}
 i - 2 scrolls of silence {unknown}
 p - a scroll of fog {unknown}
 q - a scroll of fear {unknown}
 v - a scroll of vulnerability {unknown}
Potions
 e - a potion of lignification {unknown}
 g - 2 potions of mutation
 j - a potion of heal wounds {unknown}
 l - a potion of berserk rage {unknown}
 m - 2 potions of curing {unknown}
 r - a potion of cancellation {unknown}
 u - a potion of flight {unknown}
 w - a potion of brilliance {unknown}


   Skills:
 - Level 3.0 Fighting
 * Level 5.2 Ranged Weapons
 - Level 1.7 Dodging
 - Level 0.8 Stealth


You had 3 spell levels left.
You didn't know any spells.
Your spell library was empty.

Dungeon Overview and Level Annotations

Branches:
Dungeon (3/15)

Shops:
D:2 ?

Annotations:
D:3 Grinder


Innate Abilities, Weirdness & Mutations

You have an increased reservoir of magic. (+10% MP)
You shall have no god before yourself.
Your divine heritage dramatically boosts your attributes as you level up.
You have supernaturally acute eyesight. (SInv)
Your flesh is heat resistant. (rF+)
You are vulnerable to cold. (rC-)


Message History

Press: ? - help, Q - select action, (/) - cycle Shift-Dir - straight line, f/p - Grinder
Aim: Grinder, carrying a wand of flame (10) (lightly wounded, 62% to hit)
You shoot an arrow. The arrow hits Grinder!
Grinder is moderately wounded.
Grinder hits you but does no damage.
Fire: a) +0 shortbow
Press: ? - help, Q - select action, (/) - cycle Shift-Dir - straight line, f/p - Grinder
Aim: Grinder, carrying a wand of flame (10) (moderately wounded, 62% to hit)
You shoot an arrow. The arrow hits Grinder.
Grinder is moderately wounded.
Grinder hits you.
You writhe in agony.
Fire: a) +0 shortbow
Press: ? - help, Q - select action, (/) - cycle Shift-Dir - straight line, f/p - Grinder
Aim: Grinder, carrying a wand of flame (10) (moderately wounded, 62% to hit)
You shoot an arrow. The arrow closely misses Grinder.
Grinder blinks!
Fire: a) +0 shortbow
Press: ? - help, Q - select action, (/) - cycle Shift-Dir - straight line, f/p - Grinder
Aim: Grinder, carrying a wand of flame (10) (moderately wounded, 62% to hit)
You shoot an arrow. The arrow hits Grinder!
Grinder is severely wounded.
Grinder zaps a wand.
The puff of flame hits you!
Fire: a) +0 shortbow
Press: ? - help, Q - select action, (/) - cycle Shift-Dir - straight line, f/p - Grinder
Aim: Grinder, carrying a wand of flame (9) (severely wounded, 62% to hit)
You shoot an arrow. The arrow hits Grinder.
Grinder is severely wounded.
Fire: a) +0 shortbow
Press: ? - help, Q - select action, (/) - cycle Shift-Dir - straight line, f/p - Grinder
Aim: Grinder, carrying a wand of flame (9) (severely wounded, 62% to hit)
You shoot an arrow. The arrow closely misses Grinder.
Grinder gestures at you.
You suddenly lose the ability to move!
Grinder hits you.
You writhe in agony.
Grinder zaps a wand.
The puff of flame hits you!
* * * LOW HITPOINT WARNING * * *
You can move again.
It was a potion of mutation.
You feel extremely strange.
You feel resistant to heat.
You feel vulnerable to cold.
Your vision sharpens.
Grinder hits you.
You die...

............# #...#
..##
##..........###....##
...#
#..............#...##
#...
#.........###.......##
#..
#..........##.##..#...
#..
................#....#
##.
.###.....#........##
## .
#######...#.....##
##### #.#####@...#
..... #..#.....5....?.
#.... #.#>.####.......
##### ... ##........#
... ##.....###..
#.......# # #.......#
####.......#
..........##


You could see Grinder.

Vanquished Creatures
  A gnoll (D:1)
  7 adders
  A worm (D:3)
  3 dart slugs (D:1)
  3 ball pythons
  5 bats
  6 endoplasms
  3 giant cockroaches
  3 goblins
  4 hobgoblins
  7 quokkas
  3 frilled lizards
  4 kobolds
  5 rats
55 creatures vanquished.

Notes
Turn   | Place    | Note
-------+----------+-------------------------------------------
     0 | D:1      | avis the Demigod Hunter began the quest for the Orb.
     0 | D:1      | Reached XP level 1. HP: 17/17 MP: 3/3
   117 | D:1      | Reached skill level 4 in Ranged Weapons
   120 | D:1      | Reached XP level 2. HP: 20/24 MP: 4/4
   476 | D:1      | Reached XP level 3. HP: 23/31 MP: 5/5
  1018 | D:2      | Reached XP level 4. HP: 38/38 MP: 6/6
  1079 | D:2      | Found Eplot's Magic Scroll Shop.
  1369 | D:2      | Reached skill level 5 in Ranged Weapons
  1809 | D:3      | Noticed Grinder
  1816 | D:3      | Paralysed by Grinder for 2 turns
  1818 | D:3      | Gained mutation: Your flesh is heat resistant. (rF+)
                  | [potion of mutation]
  1818 | D:3      | Gained mutation: You are vulnerable to cold. (rC-) [potion
                  | of mutation]
  1818 | D:3      | Gained mutation: You have supernaturally acute eyesight.
                  | (SInv) [potion of mutation]
  1818 | D:3      | Slain by Grinder

Illustrated notes

Levels and vault maps discovered:
D:1:      dpeg_arrival_rooms_c, layout_basic
D:2:      layout_basic, serial_shops, shop
D:3:      layout_rooms, glass_columns_b, uniq_grinder

Skill      XL: |  1  2  3  4 |
---------------+-------------+-----
Fighting       | 2 3 |  3.0
Ranged Weapons | 4 5 |  5.2
Dodging        | |  1.7
Stealth        | |  0.8

Action                     |  1- 3 |  4- 6 || total
---------------------------+-------+-------++-------
   Fire: Shortbow          |    92 |    54 ||   146
    Use: Potion            |       |     1 ||     1
 Armour: Leather armour    |    18 |     3 ||    21
  Dodge: Dodged            |    29 |    10 ||    39

Table legend: (Time is in decaauts)
 A = Elapsed time spent in this place.
 B = Non-inter-level travel time spent in this place.
 C = Inter-level travel time spent in this place.
 D = Time resting spent in this place.
 E = Time spent auto-exploring this place.
 F = Levels seen in this place.
 G = Mean time per level.
                   A        B        C        D        E       F      G
               +--------+--------+--------+--------+--------+-----+--------+
         Total |   1864 |   1646 |    218 |     71 |   1105 |   3 |  621.3 |
       Dungeon |   1864 |   1646 |    218 |     71 |   1105 |   3 |  621.3 |
               +--------+--------+--------+--------+--------+-----+--------+

Top non-repeatable levels by time:
     D:2: 922 daAuts
     D:1: 742 daAuts
     D:3: 199 daAuts
